 Dungeon Crawl Stone Soup version 0.31.0-11-ge490571c62 (webtiles) character file.

Game seed: 6085801094158747334

703 qw the Skirmisher (level 7, 0/40 HPs)
             Began as a Deep Elf Hunter on Feb 5, 2024.
             Slain by an ice beast (11 damage)
             ... on level 5 of the Dungeon.
             The game lasted 00:00:24 (4776 turns).

qw the Skirmisher (Deep Elf Hunter)                 Turns: 4776, Time: 00:00:25

Health: 0/40       AC:  7    Str: 10    XL:     7   Next: 39%
Magic:  9/9        EV: 11    Int: 14    God:
Gold:   268        SH:  0    Dex: 18    Spells: 6/6 levels left

rFire   . . .        a - +0 shortbow
rCold   . . .        (shield currently unavailable)
rNeg    . . .        l - +1 ring mail {Will+}
rPois   .            (no helmet)
rElec   .            d - +0 cloak
rCorr   .            (no gloves)
SInv    +            (no boots)
Will    +....        (no amulet)
Stlth   +            i - ring of see invisible
HPRegen 0.26/turn    (no ring)
MPRegen 0.11/turn

%: no passive effects
@: no status effects
A: no striking features
a: no special abilities


You were on level 5 of the Dungeon.
You visited 1 branch of the dungeon, and saw 5 of its levels.

You collected 268 gold pieces.


   Skills:
 - Level 2.8 Fighting
 + Level 10.5 Ranged Weapons
 - Level 1.8 Armour
 - Level 3.2 Dodging
 - Level 1.2 Stealth


You had 6 spell levels left.
You didn't know any spells.
Your spell library was empty.

Inventory:

Hand Weapons
 a - a +0 shortbow (weapon)
Armour
 b - the +2 leather armour of Duck's Teeth {Dex+3}
   (You found it on level 3 of the Dungeon)

   Dex+3:     It affects your dexterity (+3).
 d - a +0 cloak (worn)
 l - a +1 ring mail of willpower (worn)
 p - a +0 pair of boots
Jewellery
 i - a ring of see invisible (left hand)
 k - a ring of ice
 q - a ring of protection from cold
Wands
 c - a wand of charming (8)
 o - a wand of flame (28)
Scrolls
 m - a scroll of noise {unknown}
Potions
 e - 3 potions of heal wounds {unknown}
 f - a potion of magic {unknown}
 g - 2 potions of curing {unknown}
 h - a potion of haste {unknown}
 j - a potion of lignification {unknown}

Dungeon Overview and Level Annotations

Branches:
Dungeon (5/15)
 Temple: D:4-7

Altars:
Elyvilon
Gozag
Kikubaaqudgha
Sif Muna
Trog
Uskayaw
Vehumet
Zin
The Shining One


Message History

The ice beast is lightly wounded.
You shoot an arrow. The arrow barely misses the ice beast.
You shoot an arrow. The arrow hits the ice beast.
The ice beast is moderately wounded.
You shoot an arrow. The arrow barely misses the ice beast.
You shoot an arrow.
The arrow hits the ice beast but does no damage.
The ice beast is moderately wounded.
You shoot an arrow. The arrow barely misses the ice beast.
The ice beast hits you but does no damage.
You shoot an arrow. The arrow hits the ice beast.
The ice beast is moderately wounded.
The ice beast hits you but does no damage.
You shoot an arrow. The arrow hits the ice beast.
The ice beast is moderately wounded.
The ice beast barely misses you.
You shoot an arrow. The arrow barely misses the ice beast.
The ice beast barely misses you.
You shoot an arrow.
The arrow hits the ice beast but does no damage.
The ice beast is moderately wounded.
The ice beast hits you but does no damage.
You shoot an arrow. The arrow closely misses the ice beast.
The ice beast hits you but does no damage.
You shoot an arrow. The arrow closely misses the ice beast.
The ice beast closely misses you.
You shoot an arrow.
The arrow hits the ice beast but does no damage.
The ice beast is moderately wounded.
The ice beast hits you. The ice beast freezes you!
You shoot an arrow. The arrow hits the ice beast.
The ice beast is heavily wounded.
The ice beast barely misses you.
You shoot an arrow. The arrow hits the ice beast.
The ice beast is heavily wounded.
The ice beast hits you. The ice beast freezes you!
You shoot an arrow. The arrow hits the ice beast!
The ice beast is almost dead.
The ice beast hits you. The ice beast freezes you!
You die...

#.......# ##...
#.......##########.
#................##
#..................
##..############...
#..# #### #.##
##.## #.@.#
#..Y.....#
#..........#
#...........#
#............
#............
#............
............. .....


You could see an ice beast.

Vanquished Creatures
  An ice beast (D:4)
  An ogre (D:5)
  4 hounds
  A jelly (D:4)
  A bombardier beetle (D:3)
  Ijyb (D:4)
  2 iguanas (D:5)
  Natasha (thrice) (D:4)
  A statue (D:4)
  8 adders
  A white imp (D:4)
  2 ufetubi (D:5)
  4 dart slugs
  3 ribbon worms
  2 orcs
  11 ball pythons
  4 endoplasms
  2 giant cockroaches
  8 goblins
  7 hobgoblins
  7 jackals
  3 kobolds
  A quokka (D:4)
  8 bats
  6 frilled lizards
  7 rats
99 creatures vanquished.

Notes
Turn   | Place    | Note
-------+----------+-------------------------------------------
     0 | D:1      | qw the Deep Elf Hunter began the quest for the Orb.
     0 | D:1      | Reached XP level 1. HP: 12/12 MP: 3/3
     0 | D:1      | 0 ||| qw: Version: 0.3-a-160-g6735b56
     0 | D:1      | 0 ||| qw: Game counter: 6137
     0 | D:1      | 0 ||| qw: Melee chars always use a shield: true
     0 | D:1      | 0 ||| qw: God list: Okawaru
     0 | D:1      | 0 ||| qw: Allow faded altars: false
     0 | D:1      | 0 ||| qw: Do Orc after clearing Dungeon:15 true
     0 | D:1      | 0 ||| qw: Do second Lair branch before Depths: true
     0 | D:1      | 0 ||| qw: Lair rune preference: random
     0 | D:1      | 0 ||| qw: Goals: Normal
     0 | D:1      | 0 ||| PLANNING D:1-11
   199 | D:1      | Reached XP level 2. HP: 13/16 MP: 4/4
   200 | D:1      | Reached skill level 6 in Ranged Weapons
   486 | D:1      | Reached XP level 3. HP: 20/20 MP: 5/5
   876 | D:1      | 876 ||| READING scroll labelled BIQAIT NUZXU.
   879 | D:1      | 879 ||| READING scroll labelled TEISHI NUONO.
   880 | D:1      | 880 ||| READING scroll labelled HEGUADGHEIF.
   881 | D:1      | 881 ||| DROPPING scroll of butterflies.
   883 | D:1      | 883 ||| Stepping ~*~*~tactically~*~*~ (cloud).
   888 | D:1      | HP: 5/20 [poisoned by you (poison gas)]
  1004 | D:2      | Found a faded altar of an unknown god.
  1121 | D:2      | HP: 4/20 [ribbon worm (4)]
  1124 | D:2      | Reached skill level 7 in Ranged Weapons
  1672 | D:2      | Reached XP level 4. HP: 25/25 MP: 6/6
  1880 | D:2      | 1880 ||| UPGRADING to +0 scale mail.
  1890 | D:2      | 1890 ||| DROPPING +0 leather armour.
  1891 | D:2      | 1891 ||| UPGRADING to +0 ring mail.
  1901 | D:2      | 1901 ||| DROPPING +0 scale mail.
  1902 | D:2      | 1902 ||| UPGRADING to +1 ring mail of willpower.
  1912 | D:2      | 1912 ||| DROPPING +0 ring mail.
  1913 | D:2      | 1913 ||| UPGRADING to ring of see invisible.
  1914 | D:2      | 1914 ||| READING 2 scrolls labelled SILENK DADI.
  2015 | D:2      | 2015 ||| READING scroll labelled VAMOMO JAFAN.
  2015 | D:2      | 2015 ||| IDENTIFYING fizzy orange potion
  2016 | D:2      | 2016 ||| DRINKING 2 smoky grey potions.
  2017 | D:2      | 2017 ||| DROPPING potion of berserk rage.
  2018 | D:2      | 2018 ||| DROPPING scroll of vulnerability.
  2019 | D:2      | 2019 ||| DROPPING potion of attraction.
  2041 | D:3      | Identified the +2 leather armour of Duck's Teeth {Dex+3}
  2079 | D:3      | Reached skill level 8 in Ranged Weapons
  2339 | D:3      | Reached XP level 5. HP: 29/29 MP: 7/7
  2478 | D:3      | 2478 ||| UPGRADING to +0 cloak.
  2483 | D:3      | 2483 ||| READING scroll labelled PAUHEQ XEMOUSK.
  2566 | D:4      | Reached skill level 9 in Ranged Weapons
  2639 | D:4      | Noticed an ice beast
  2640 | D:4      | 2640 ||| RETREEEEATING.
  2641 | D:4      | 2641 ||| RETREEEEATING.
  2659 | D:4      | Killed an ice beast
  2660 | D:4      | Reached XP level 6. HP: 14/36 MP: 8/8
  2674 | D:4      | 2674 ||| FLEEEEING.
  2688 | D:4      | 2688 ||| FLEEEEING.
  2705 | D:4      | 2705 ||| FLEEEEING.
  2706 | D:4      | 2706 ||| FLEEEEING.
  2711 | D:4      | 2711 ||| FLEEEEING.
  2783 | D:4      | Noticed Natasha
  2787 | D:4      | 2787 ||| RETREEEEATING.
  2790 | D:4      | 2790 ||| RETREEEEATING.
  2794 | D:4      | 2794 ||| RETREEEEATING.
  2795 | D:4      | 2795 ||| RETREEEEATING.
  2797 | D:4      | 2797 ||| RETREEEEATING.
  2799 | D:4      | 2799 ||| RETREEEEATING.
  2800 | D:4      | 2800 ||| RETREEEEATING.
  2801 | D:4      | 2801 ||| RETREEEEATING.
  2801 | D:4      | HP: 7/36 [Natasha/magic dart (9)]
  2802 | D:4      | Killed Natasha
  2889 | D:4      | Noticed Natasha
  2890 | D:4      | 2890 ||| FLEEEEING.
  2898 | D:4      | Killed Natasha
  2936 | D:4      | Found a hide-covered altar of Uskayaw.
  2939 | D:4      | Found a shimmering blue altar of Sif Muna.
  3112 | D:4      | Noticed Natasha
  3117 | D:4      | Killed Natasha
  3155 | D:4      | Found a radiant altar of Vehumet.
  3168 | D:4      | 3168 ||| FLEEEEING.
  3184 | D:4      | 3184 ||| FLEEEEING.
  3325 | D:4      | Found an ancient bone altar of Kikubaaqudgha.
  3325 | D:4      | Found a bloodstained altar of Trog.
  3325 | D:4      | Found a white marble altar of Elyvilon.
  3330 | D:4      | Found an opulent altar of Gozag.
  3333 | D:4      | Found a glowing silver altar of Zin.
  3337 | D:4      | Found a glowing golden altar of the Shining One.
  3544 | D:4      | Noticed Ijyb
  3554 | D:4      | Killed Ijyb
  3555 | D:4      | Reached skill level 10 in Ranged Weapons
  3681 | D:4      | 3681 ||| READING scroll labelled IXZYOSH KUJUNOVI.
  3682 | D:4      | 3682 ||| READING 2 scrolls labelled LESHRU CO QUYSCH.
  3683 | D:4      | 3683 ||| DROPPING scroll of immolation.
  3707 | D:5      | Entered Level 5 of the Dungeon
  3874 | D:5      | Reached skill level 3 in Dodging
  4025 | D:5      | Reached XP level 7. HP: 40/40 MP: 9/9
  4052 | D:5      | Reached skill level 1 in Armour
  4450 | D:5      | HP: 10/40 [ice beast (13)]
  4451 | D:5      | 4451 ||| READING scroll of teleportation.
  4452 | D:5      | HP: 1/40 [ice beast (9)]
  4776 | D:5      | Slain by an ice beast

Levels and vault maps discovered:
D:1:      psy_arrival_conway, layout_basic, serial_aquarium,
          aquarium_bridge_straight [aquarium_subvault_bridge,
          aquarium_subvault_wall, aquarium_subvault_bridge,
          aquarium_subvault_window], aquarium_window_1,
          aquarium_window_corridor_2, aquarium_view_2d
D:2:      layout_loops_ring, nicolae_ecumenical_oubliette, minmay_lizard_pond
D:3:      layout_basic
D:4:      layout_loops_ring, nicolae_overflow_hallway_of_the_gods,
          vehumet_statue, chequers_serial_rivers_small_3, uniq_natasha,
          uniq_ijyb
D:5:      layout_cave_pods

Skill      XL: |  1  2  3  4  5  6  7 |
---------------+----------------------+-----
Ranged Weapons | 6 7 8 9 10 | 10.5
Fighting       | 2 |  2.8
Dodging        | 3 |  3.2
Armour         | 1 |  1.8
Stealth        | |  1.2

Action                     |  1- 3 |  4- 6 |  7- 9 || total
---------------------------+-------+-------+-------++-------
   Fire: Shortbow          |   137 |   239 |    70 ||   446
    Use: Scroll            |     3 |     5 |     1 ||     9
         Potion            |       |     1 |       ||     1
 Armour: Leather armour    |    29 |     9 |       ||    38
         Ring mail         |       |    94 |    26 ||   120
  Dodge: Dodged            |    35 |    71 |    21 ||   127

Table legend:
 A = Non-vault XP
 B = Vault XP
 C = Vault XP percentage of total XP
 D = Non-vault monster count
 E = Vault monster count
 F = Vault count percentage of total count
                 A         B        C        D         E       F
            +---------+---------+-------+---------+---------+-------
      Total |     898 |     107 |  10.6 |      92 |       7 |   7.1
            +---------+---------+-------+---------+---------+-------
        D:1 |      46 |       0 |   0.0 |      23 |       0 |   0.0
        D:2 |      85 |       4 |   4.5 |      22 |       4 |  15.4
        D:3 |      79 |       0 |   0.0 |      15 |       0 |   0.0
        D:4 |     333 |     103 |  23.6 |      21 |       3 |  12.5
        D:5 |     355 |       0 |   0.0 |      11 |       0 |   0.0
            +---------+---------+-------+---------+---------+-------
